 Dungeon Crawl Stone Soup version 0.28-a0-1435-g82390b3a13 (webtiles) character file.

Game seed: 4684031152627480711

123 HallandMoats the Skirmisher (level 4, -5/36 HPs)
             Began as a Demonspawn Fighter on Jan 9, 2022.
             Was a Believer of Qazlal.
             Killed from afar by an orc wizard (9 damage)
             ... with a puff of flame
             ... on level 3 of the Dungeon.
             The game lasted 00:02:01 (2899 turns).

HallandMoats the Skirmisher (Demonspawn Fighter)    Turns: 2899, Time: 00:02:02

Health: -5/36      AC:  7    Str: 18    XL:     4   Next: 79%
Magic:  5/5        EV:  9    Int: 10    God:    Qazlal [**....]
Gold:   53         SH:  0    Dex: 12    Spells: 3/3 levels left

rFire   . . .      SeeInvis .   a - +0 flail
rCold   . . .      Faith    .   c - +0 buckler
rNeg    . . .      Spirit   .   b - +0 scale mail
rPois   .          Reflect  .   d - +0 helmet
rElec   .          Harm     .   (no cloak)
rCorr   .          Rampage  .   (no gloves)
Will    .....                   (no boots)
Stlth   ..........              (no amulet)
HPRegen 0.12/turn               (no ring)
MPRegen 0.09/turn               (no ring)

@: confused, flying
A: demonic magic 1
a: Renounce Religion, Upheaval


You were on level 3 of the Dungeon.
You worshipped Qazlal.
Qazlal was pleased with you.
You visited 1 branch of the dungeon, and saw 3 of its levels.

You collected 53 gold pieces.

Inventory:

Hand Weapons
 a - a +0 flail (weapon)
Armour
 b - a +0 scale mail (worn)
 c - a +0 buckler (worn)
 d - a +0 helmet (worn)
Scrolls
 e - a scroll of teleportation {unknown}
 f - a scroll of noise {unknown}
 h - a scroll of vulnerability {unknown}
 i - 2 scrolls of identify {unknown}
 k - a scroll of enchant armour {unknown}
 l - a scroll of summoning {unknown}


   Skills:
 * Level 3.6 Fighting
 * Level 2.7 Maces & Flails
 + Level 3.0 Armour
 + Level 1.2 Dodging
 + Level 3.0 Shields
 * Level 2.1 Invocations


You had 3 spell levels left.
You didn't know any spells.
Your spell library contained the following spells:

 Spells                   Type           Power      Damage    Failure   Level
 Slow                     Hex            0%         N/A       83%         1
 Static Discharge         Conj/Air       0%         N/A       93%         2
 Sublimation of Blood     Necr           0%         N/A       93%         2
 Wereblood                Tmut           0%         N/A       93%         2
 Confusing Touch          Hex            0%         N/A       99%         3
 Vampiric Draining        Necr           0%         2d6       99%         3
 Dispel Undead            Necr           0%         3d6       100%        4
 Sticky Flame             Conj/Fire      0%         2d3       100%        4
 Summon Hydra             Summ           0%         N/A       100%        7


Dungeon Overview and Level Annotations

Branches:
Dungeon (3/15)

Altars:
Elyvilon
Qazlal


Innate Abilities, Weirdness & Mutations

Spells you cast may paralyse adjacent enemies.


Message History

The orc hits you but does no damage.
The orc wizard hits you with a +0 dagger.
You hit the orc wizard but do no damage.
The orc wizard is heavily wounded.
The orc closely misses you. The orc hits you with a +0 falchion.
The orc hits you but does no damage.
The orc wizard gestures wildly while chanting.
The orc wizard flickers and vanishes!
Deactivating autopickup; reactivate with Ctrl-A.
The orc hits you but does no damage.
You closely miss the orc. The orc closely misses you. x2
You hear some strange, mumbled words.
A magic dart appears from out of thin air!
The magic dart hits you! The orc closely misses you.
The orc hits you with a +0 falchion.
Unknown command.
You are too injured to fight recklessly!
Unknown command.
You are too injured to fight recklessly!
Unknown command.
You are too injured to fight recklessly!
Unknown command.
It was a potion of flight.
You feel very buoyant.
You fly up into the air.
Something hits you.
Unknown command.
You miss something. Something hits you.
* * * LOW HITPOINT WARNING * * *
You barely miss something.
You hear some strange, mumbled words.
You are confused.
You miss the orc. The orc hits you with a +0 whip.
* * * LOW HITPOINT WARNING * * *
You miss the orc.
You bump into the rock wall.
The orc hits you with a +0 whip.
* * * LOW HITPOINT WARNING * * *
You hear some strange, mumbled words.
A puff of flame appears from out of thin air!
The puff of flame hits you!
You die...

.........# ########.###..#
........# #..............#
.>.##..###.#######.###..#####
#..##.........†.............#
#..##..###.#######..##..#####
#..##..# #.# #..##..#
#(.....# #.# #..##.##
###..##..###.#######..##.#
.............oo{@.....##.#
###.............o####.##.#
..#..##....†..........##.#
#.#..##..###.###.####.##.#
#......###.###.# #.##.#
#..............# #.##.#
..........÷.##### #.##.#
.....##..###.###### #<##.#
#........).÷......# #.##.#


You could see 3 orcs.

Vanquished Creatures
  Jessica (D:2)
  Natasha (D:2)
  Robin (D:2)
  2 adders
  2 dart slugs
  An orc (D:3)
  A bat (D:2)
  2 endoplasms
  9 goblins
  4 hobgoblins
  4 quokkas
  4 ball pythons
  A frilled lizard (D:2)
  4 kobolds
  2 rats
39 creatures vanquished.

Notes
Turn   | Place    | Note
-------+----------+-------------------------------------------
     0 | D:1      | HallandMoats the Demonspawn Fighter began the quest for the
                  | Orb.
     0 | D:1      | Reached XP level 1. HP: 18/18 MP: 1/1
   576 | D:1      | Gained mutation: Spells you cast may paralyse adjacent
                  | enemies. [demonic ancestry]
   576 | D:1      | Reached XP level 2. HP: 24/24 MP: 2/2
   785 | D:1      | Found a faded altar of an unknown god.
   938 | D:1      | Prayed at the altar of an unknown god.
   938 | D:1      | Became a worshipper of Qazlal Stormbringer
   938 | D:1      | Reached * piety under Qazlal
  1475 | D:2      | Noticed Jessica
  1478 | D:2      | Reached skill level 1 in Invocations
  1478 | D:2      | Reached XP level 3. HP: 28/29 MP: 3/3
  1480 | D:2      | Killed Jessica
  1528 | D:2      | Noticed Robin
  1552 | D:2      | Killed Robin
  1552 | D:2      | HP: 1/29 [goblin[Robin] (2)]
  1553 | D:2      | Reached skill level 1 in Dodging
  1553 | D:2      | Reached XP level 4. HP: 2/35 MP: 5/5
  2132 | D:2      | Noticed Natasha
  2144 | D:2      | Killed Natasha
  2818 | D:3      | Found a faded altar of an unknown god.
  2845 | D:3      | Reached ** piety under Qazlal
  2899 | D:3      | Killed from afar by an orc wizard

Illustrated notes

Levels and vault maps discovered:
D:1:      dpeg_arrival_concentric_ovals, layout_loops_ring,
          shapermc_ecumenical_altar_pompeii
D:2:      layout_basic, grunt_decor_fettered, mrwooster_statue_mirror,
          uniq_jessica, uniq_robin, uniq_natasha
D:3:      layout_basic, nicolae_overflow_ecumenical_swirl, serial_bayou_pond_a

Skill      XL: |  1  2  3  4 |
---------------+-------------+-----
Maces & Flails | 2 |  2.7
Invocations    | 1 2 |  2.1
Dodging        | 1 |  1.2
Armour         | 3 |  3.0
Shields        | 3 |  3.0
Fighting       | |  3.6

Action                   |  1- 3 |  4- 6 || total
-------------------------+-------+-------++-------
Melee: Flail             |    78 |    52 ||   130
  Use: Potion            |     1 |     2 ||     3
Armor: Scale mail        |    29 |    17 ||    46
       Skin              |       |     4 ||     4
Dodge: Dodged            |    41 |    20 ||    61
Block: Buckler           |    29 |    19 ||    48

Table legend: (Time is in decaauts)
 A = Elapsed time spent in this place.
 B = Non-inter-level travel time spent in this place.
 C = Inter-level travel time spent in this place.
 D = Time resting spent in this place.
 E = Time spent auto-exploring this place.
 F = Levels seen in this place.
 G = Mean time per level.
                   A        B        C        D        E       F      G
               +--------+--------+--------+--------+--------+-----+--------+
         Total |   2941 |   2811 |    130 |    807 |   1651 |   3 |  980.3 |
       Dungeon |   2941 |   2811 |    130 |    807 |   1651 |   3 |  980.3 |
               +--------+--------+--------+--------+--------+-----+--------+

Top non-repeatable levels by time:
     D:2: 1341 daAuts
     D:1: 1096 daAuts
     D:3: 503 daAuts
